 Dungeon Crawl Stone Soup version 0.20.0-15-g7f486f2 (webtiles) character file.

224225 Iskender the Impaler (level 19, -2/157 HPs)
             Began as a Barachi Wanderer on June 11, 2017.
             Was the Champion of Cheibriados.
             Slain by a deep elf knight
             ... wielding a +0 scimitar
              (12 damage)
             ... on level 1 of the Vaults on June 13, 2017.
             The game lasted 05:55:54 (28422 turns).

Iskender the Impaler (Barachi Wanderer)            Turns: 28422, Time: 05:55:55

Health: -2/157     AC: 15    Str: 31    XL:     19   Next: 29%
Magic:  26/26      EV: 34    Int: 29    God:    Cheibriados [******]
Gold:   2419       SH:  0    Dex: 31    Spells: 5/18 levels left

rFire    + . .     SeeInvis .   a - +2 glaive (chop)
rCold    . . .     Gourm    .   (shield currently unavailable)
rNeg     + . .     Faith    .   F - +0 leather armour {MR+}
rPois    .         Spirit   .   E - +0 helmet
rElec    .         Reflect  .   t - +2 cloak {rF+}
rCorr    .         Harm     .   K - +0 pair of gloves
MR       ++...                  I - +2 pair of boots "Xeyr" {*Drain +Blink rN+}
Stlth    ++++++....             (no amulet)
Regen    0.4/turn               (no ring)
MPRegen  0.2/turn               k - +5 ring of evasion

@: about to teleport, afraid, can't hop, very slow
A: +LOS, swims, slowness 1, strong legs 2
}: 1/15 runes: gossamer
a: Hop, Bend Time, Temporal Distortion, Slouch, Step From Time, Renounce
Religion, Evoke Blink


You were on level 1 of the Vaults.
You worshipped Cheibriados.
Cheibriados was exalted by your worship.
You were hungry.

You visited 7 branches of the dungeon, and saw 32 of its levels.
You also visited: Volcano and Wizlab.

You collected 3479 gold pieces.
You spent 1060 gold pieces at shops.

Inventory:

Hand Weapons
 a - a +2 glaive of chopping (weapon)
 b - a +0 arbalest
 B - a +0 demon trident of electrocution
Missiles
 j - 522 bolts
 T - 9 javelins of penetration (quivered)
Armour
 t - a +2 cloak of fire resistance (worn)
 z - a +2 ring mail of cold resistance
 E - a +0 helmet (worn)
 F - a +0 leather armour of magic resistance (worn)
 I - the +2 pair of boots "Xeyr" (worn) {*Drain +Blink rN+}
   (You bought it in a shop on level 14 of the Dungeon)

   It protects you from negative energy.
   It lets you blink.
   It causes draining when unequipped.
 K - a +0 pair of gloves (worn)
Jewellery
 f - an uncursed ring of protection from fire
 k - a +5 ring of evasion (right hand)
 s - an uncursed ring of stealth
 y - an uncursed ring of resist corrosion
 A - an uncursed ring of protection from cold
 C - the ring of Kextes {-Tele *Corrode +Inv Dex+4 Slay+4}
   (You found it on level 2 of the Shoals)

   [ring of dexterity]

   It affects your dexterity (+4).
   It affects your accuracy and damage with ranged weapons and melee attacks
   (+4).
   It lets you turn invisible.
   It prevents most forms of teleportation.
   It may corrode you when you take damage.
 D - an uncursed ring of poison resistance
 S - an uncursed ring of see invisible
Wands
 i - a wand of acid (7/15)
 q - a wand of clouds (8/9)
 r - a wand of enslavement (4/24)
 G - a wand of disintegration (11/24)
 H - a wand of confusion (23/48)
 Q - a wand of digging (14/24)
 X - a wand of disintegration (8/24)
Scrolls
 h - 10 scrolls of teleportation
 l - 3 scrolls of recharging
 o - 4 scrolls of fog
 u - a scroll of blinking
 v - 3 scrolls of torment
 x - a scroll of vulnerability
 L - a scroll of silence
 M - 2 scrolls of magic mapping
 W - 9 scrolls of remove curse
Potions
 g - a potion of cancellation
 m - a potion of magic
 p - 6 potions of brilliance
 w - 4 potions of resistance
 N - 2 potions of flight
 O - 8 potions of agility
 Y - 8 potions of might
Miscellaneous
 V - a lightning rod (inert)
Comestibles
 d - 10 bread rations
 n - 13 meat rations


   Skills:
 + Level 15.8 Fighting
   Level 2.4(14.7) Axes
 - Level 19.9(20.0) Polearms
   Level 1.1(14.6) Staves
   Level 2.0 Bows
 - Level 1.0 Throwing
 - Level 13.1 Armour
 - Level 14.0 Dodging
 - Level 14.1 Stealth
 - Level 6.0 Charms
 - Level 2.5 Necromancy
 - Level 9.4 Invocations
 - Level 4.1 Evocations


You had 5 spell levels left.
You knew the following spells:

 Your Spells              Type           Power        Failure   Level  Hunger
c - Regeneration          Chrm/Necr      ###.......   6%          3    ####...
g - Shroud of Golubria    Chrm/Tloc      ###.......   4%          2    ###....
z - Sublimation of Blood  Necr           ##........   6%          2    ###....
A - Apportation           Tloc           #.....       11%         1    ##.....
X - Song of Slaying       Chrm           ####....     1%          2    ###....
Z - Spectral Weapon       Hex/Chrm       ###.....     10%         3    ####...


Dungeon Overview and Level Annotations

Branches:
Dungeon (15/15)            Temple (1/1) D:4            Lair (6/6) D:10
 Shoals (3/4) Lair:4       Spider (4/4) Lair:2        Slime (0/5) Lair:6
    Orc (2/2) D:12            Elf (0/3) Orc:2        Vaults (1/5) D:13
 Depths (0/5) D:15

Altars:
Ashenzari
Cheibriados
Dithmenos
Elyvilon
Fedhas
Gozag
Hepliaklqana
Kikubaaqudgha
Makhleb
Nemelex Xobeh
Okawaru
Qazlal
Ru
Sif Muna
Trog
Uskayaw
Vehumet
Xom
Yredelemnul
Zin
The Shining One
Jiyva

Shops:
D:12 (:   D:13 !   D:14 ([   Orc:2 %}**

Annotations:
D:13 Rupert
Lair:6 1 runed door, exclusion: door
Shoals:2 Louise


Innate Abilities, Weirdness & Mutations

Shadows flee at your approach. (+LOS)
You can swim through water.
You cover ground slowly.
You can hop longer distances.


Message History

* * * LOW HITPOINT WARNING * * *
The vault sentinel blows a loud note on a signal horn!
You hear a shout!
You hear a horrible gurgling sound!
You hear a shout!
You bump into the stone wall.
Something hits you.
* * * LOW HITPOINT WARNING * * *
You feel better.
You feel less invigorated.
You hear some strange, mumbled words.
A shard of ice appears from out of thin air!
The shard of ice misses you. Something hits you!!
* * * LOW HITPOINT WARNING * * *
As you read the scroll of teleportation, it crumbles to dust.
You feel strangely unstable. Something hits you!
* * * LOW HITPOINT WARNING * * *
The vault sentinel blows a loud note on a signal horn!
You hear a horrible gurgling sound!
You hear an angry hiss.
You hear a shout!
Okay, then.
Unknown command.
Something hits you!
You die...

##.#.#...#..##.....#
#.#.#.#.#.#o##.....#
####.#.#.#p#..##.....'
#.........#....#.....#
#.#......#.#...#.....#
#...........#..#.....#
#.##...#.#.#...#.....#
#.#######......#.....#
#....@{.po.....'.....#
#########G.....#.....#
#.(....#.....#
#......#......
#......#......
#####'######......
#.((..#### #..)...
#..(..#>.# #......
###)###..# ###'###


You could see an orc knight, a glowing orange brain and a vault sentinel.

Vanquished Creatures
  A Cloud Mage (WizLab)
  A kraken (Shoals:2)
  Polyphemus (Shoals:3)
  Kirke (D:15)
  3 ghost moths (Spider:4)
  Aizul (Spider:3)
  2 vault wardens (Vaults:1)
  8 emperor scorpions
  3 entropy weavers
  2 spark wasps
  4 merfolk javelineers
  3 merfolk impalers
  Josephine (Lair:4)
  2 rakshasas
  A fire dragon (Vaults:1)
  4 hydras
  An ice dragon (D:15)
  2 catoblepae
  3 spriggan air magi (WizLab)
  A merfolk avatar (Shoals:1)
  A merfolk aquamancer (Shoals:2)
  11 centaur warriors
  4 death knights
  3 dancing weapons
  14 two-headed ogres
  2 satyrs (Shoals:3)
  An ogre mage (D:15)
  7 death yaks
  2 tengu warriors (D:15)
  A fire crab (Lair:6)
  2 unseen horrors
  3 skeletal warriors
  A fire crab (shapeshifter) (D:14)
  4 sea snakes
  5 ironbrand convokers (Vaults:1)
  A phantasmal warrior (Vaults:1)
  Pikel (D:5)
  4 harpies
  10 orc knights
  8 wizards
  A necromancer (D:15)
  A wolf spider zombie (D:14)
  2 orc sorcerers (Orc:1)
  34 wolf spiders
  11 ugly things
  3 fauns (Shoals:1)
  3 deep elf magi
  13 orb spiders
  11 manticores
  4 cyclopes
  A moth of wrath (shapeshifter) (Vaults:1)
  4 moths of wrath
  7 merfolk sirens
  11 elephants
  5 toenail golems (Volcano)
  A vault sentinel (Vaults:1)
  A naga mage (D:15)
  4 water nymphs
  Psyche (D:8)
  A torpor snail (Spider:3)
  15 spiny frogs
  3 gargoyles
  7 centaur skeletons
  6 komodo dragons
  4 freezing wraiths
  15 demonic crawlers
  5 yaktaurs
  2 tengu conjurers (D:15)
  A kobold demonologist (D:14)
  A harpy zombie (D:15)
  5 trolls
  29 jumping spiders
  11 wind drakes
  31 merfolk
  A tengu simulacrum (Vaults:1)
  5 polar bears
  11 blink frogs
  6 dream sheep
  10 snapping turtles
  A fire giant simulacrum (Vaults:1)
  16 hornets
  5 slime creatures
  13 hippogriffs
  2 meliai zombies
  26 air elementals (WizLab)
  3 wyverns
  17 spriggans
  A shadow (D:15)
  26 tarantellas
  A vampire (D:14)
  9 wraiths
  80 redbacks
  55 yaks
  A yak (shapeshifter) (Vaults:1)
  4 water elementals
  2 hogs (D:15)
  Eustachio (D:4)
  2 hungry ghosts
  A steam dragon (D:9)
  4 swamp worms (Spider:3)
  7 wargs
  A vampire mosquito (D:13)
  A soldier ant (D:11)
  4 acid dragons
  10 insubstantial wisps (WizLab)
  11 water moccasins
  45 orc warriors
  5 porcupines
  3 ice beasts
  3 slaves (D:5)
  10 black bears
  A phantom (D:6)
  An eye of draining (D:11)
  A necrophage (D:14)
  7 sky beasts
  3 boggarts (Lair:6)
  14 ogres
  33 wolves
  33 centaurs
  9 crocodiles
  A big kobold (D:9)
  16 bullfrogs
  A gnoll sergeant (D:6)
  3 scorpions
  A wyvern skeleton (D:13)
  11 wights
  A killer bee (D:7)
  13 electric eels
  A howler monkey (D:7)
  5 centaur zombies
  8 crimson imps
  A bullfrog zombie (D:13)
  8 hounds
  5 jellies
  17 orc priests
  Crazy Yiuf (D:2)
  22 orc wizards
  2 bullfrog skeletons
  Jessica (D:3)
  5 iguanas
  17 worker ants
  A hound skeleton (D:6)
  A worker ant zombie (D:7)
  A howler monkey zombie (D:5)
  4 gnolls
  15 adders
  A howler monkey skeleton (D:8)
  2 shadow imps
  2 oozes
  An adder zombie (D:9)
  3 adder skeletons
  15 worms
  9 dart slugs
  6 leopard geckos
  79 orcs
  5 giant cockroaches
  6 goblins
  7 hobgoblins
  5 jackals
  10 quokkas
  A ball python (D:3)
  7 bats
  3 frilled lizards
  5 kobolds
  2 quokka skeletons (D:6)
  6 rats
  A fungus (Lair:6)
  3 plants
1230 creatures vanquished.

Vanquished Creatures (collateral kills)
  A wolf spider (Spider:4)
1 creature vanquished.

Vanquished Creatures (others)
  The ghost of ArtsTyrian the Hoplite, a veteran MiFi of Uskayaw (WizLab)
  An unseen horror (Vaults:1)
  A spiny frog (shapeshifter) (Vaults:1)
  A jumping spider (Spider:4)
  2 hornets (Spider:4)
  A water elemental (Shoals:3)
  3 humans (D:15)
  A slave (D:5)
  A centaur (Orc:2)
  A crimson imp (D:15)
  2 orc wizards (D:14)
  A bush (Lair:3)
  14 fungi
  22 plants
  11 spectral weapons
  4 tentacles (Shoals:2)
67 creatures vanquished.

Grand Total: 1298 creatures vanquished

Notes
Turn   | Place    | Note
-------+----------+-------------------------------------------
     0 | D:1      | Iskender the Barachi Wanderer began the quest for the Orb.
     0 | D:1      | Iskender set off with: a +2 scale mail, a +0 hand axe, a potion of curing, a bread ration
     0 | D:1      | Reached XP level 1. HP: 17/17 MP: 1/1
   157 | D:1      | Reached skill level 1 in Axes
   250 | D:1      | Reached XP level 2. HP: 12/23 MP: 2/2
   646 | D:1      | Found a sparkling altar of Nemelex Xobeh.
   972 | D:2      | Reached skill level 1 in Polearms
   972 | D:2      | Reached XP level 3. HP: 28/28 MP: 3/3
  1159 | D:2      | Reached skill level 2 in Polearms
  1210 | D:2      | Found a runed door.
  1214 | D:2      | Noticed Crazy Yiuf
  1219 | D:2      | Killed Crazy Yiuf
  1219 | D:2      | Reached XP level 4. HP: 34/34 MP: 4/4
  1300 | D:2      | Reached skill level 3 in Polearms
  1749 | D:3      | Noticed Jessica
  1768 | D:3      | Killed Jessica
  1768 | D:3      | Reached XP level 5. HP: 28/39 MP: 5/5
  1770 | D:3      | Reached skill level 4 in Polearms
  2144 | D:4      | Got a faintly glowing scale mail
  2169 | D:4      | Identified the +2 scale mail of Povoineth {rF+} (You found it on level 4 of the Dungeon)
  2229 | D:4      | Noticed Eustachio
  2261 | D:4      | Killed Eustachio
  2261 | D:4      | Reached skill level 5 in Polearms
  2261 | D:4      | Reached XP level 6. HP: 24/46 MP: 6/6
  2589 | D:4      | Found a staircase to the Ecumenical Temple.
  2608 | D:4      | Reached skill level 6 in Polearms
  2622 | Temple   | Entered the Ecumenical Temple
  3016 | Temple   | Became a worshipper of Cheibriados the Contemplative
  3418 | D:5      | Entered Level 5 of the Dungeon
  3438 | D:4      | Reached XP level 7. HP: 49/51 MP: 7/7
  3602 | D:5      | Noticed Pikel
  3799 | D:5      | Killed Pikel
  3799 | D:5      | Reached skill level 8 in Polearms
  3799 | D:5      | Reached XP level 8. HP: 57/57 MP: 8/8
  3907 | D:5      | Noticed a gargoyle
  3936 | D:5      | Reached skill level 9 in Polearms
  4375 | D:5      | Reached * piety under Cheibriados
  4903 | D:6      | Reached skill level 10 in Polearms
  5504 | D:7      | Reached XP level 9. HP: 62/62 MP: 9/9
  5553 | D:6      | Reached ** piety under Cheibriados
  5591 | D:7      | Learned a level 2 spell: Shroud of Golubria
  5595 | D:7      | Learned a level 3 spell: Regeneration
  5597 | D:7      | Learned a level 1 spell: Infusion
  5617 | D:7      | Reached skill level 1 in Charms
  5778 | D:7      | Reached skill level 1 in Invocations
  6133 | D:6      | Noticed a deep elf mage
  6133 | D:6      | Noticed a yaktaur
  6134 | D:6      | Noticed a manticore
  6412 | D:8      | Noticed a troll
  6423 | D:8      | Killed a troll
  6677 | D:8      | Noticed a two-headed ogre
  6677 | D:8      | Reached skill level 5 in Invocations
  6689 | D:8      | Killed a two-headed ogre
  6689 | D:8      | Reached *** piety under Cheibriados
  6689 | D:8      | Reached XP level 10. HP: 22/68 MP: 12/14
  6732 | D:8      | Noticed Psyche
  6752 | D:8      | Noticed a two-headed ogre
  6768 | D:8      | Killed a two-headed ogre
  6768 | D:8      | Reached skill level 11 in Polearms
  7048 | D:8      | Killed an unseen horror
  7435 | D:9      | Reached skill level 12 in Polearms
  7681 | D:9      | Reached **** piety under Cheibriados
  8194 | D:9      | Reached skill level 5 in Dodging
  8300 | D:9      | Learned a level 2 spell: Song of Slaying
  8331 | D:9      | Reached XP level 11. HP: 70/73 MP: 8/15
  8362 | D:10     | Entered Level 10 of the Dungeon
  8686 | D:10     | Found a hide-covered altar of Uskayaw.
  8796 | D:10     | Reached skill level 5 in Charms
  8917 | D:10     | Found a staircase to the Lair.
  9119 | D:10     | Reached ***** piety under Cheibriados
 10214 | D:8      | Killed Psyche
 10305 | D:6      | Killed a manticore
 10337 | D:6      | Killed a deep elf mage
 10497 | D:6      | Learned a level 3 spell: Spectral Weapon
 10870 | D:5      | Reached XP level 12. HP: 46/80 MP: 13/19
 11060 | D:9      | Noticed a two-headed ogre
 11080 | D:9      | Killed a two-headed ogre
 11142 | Lair:1   | Entered Level 1 of the Lair of Beasts
 11142 | Lair:1   | Noticed a five-headed hydra
 11182 | D:12     | Found Wune Tuw's Book Boutique.
 11205 | D:12     | Reached skill level 13 in Polearms
 11368 | D:12     | Found Limni's Weapon Shoppe.
 11501 | D:13     | Found a gate to the Vaults.
 11540 | D:13     | Found Qoax's Distillery.
 11544 | D:13     | Bought a potion of might for 64 gold pieces
 11612 | D:13     | Noticed a rakshasa
 11630 | D:13     | Killed a rakshasa
 11646 | D:13     | Noticed Rupert
 11808 | Lair:1   | Reached skill level 14 in Polearms
 11926 | Lair:1   | Killed a nine-headed hydra
 12250 | Lair:2   | Found a hole to the Spider Nest.
 12329 | Lair:2   | Noticed a four-headed hydra
 12342 | Lair:2   | Killed a five-headed hydra
 12980 | Lair:3   | Gained mutation: You can hop longer distances. [Barachi growth]
 12980 | Lair:3   | Reached XP level 13. HP: 67/85 MP: 20/20
 13186 | Lair:3   | Reached skill level 15 in Polearms
 13305 | Lair:3   | Reached ****** piety under Cheibriados
 13328 | Lair:3   | Learned a level 2 spell: Sublimation of Blood
 13581 | Lair:3   | Reached skill level 1 in Necromancy
 13941 | Lair:4   | Noticed Josephine
 14003 | Lair:4   | Reached skill level 10 in Dodging
 14029 | Lair:4   | Killed Josephine
 14202 | Lair:4   | Found a staircase to the Shoals.
 14865 | Lair:5   | Reached XP level 14. HP: 78/91 MP: 15/21
 15525 | Lair:6   | Entered Level 6 of the Lair of Beasts
 15933 | Lair:6   | Reached skill level 5 in Fighting
 16402 | Lair:6   | Found a runed door.
 16402 | Lair:6   | Found a viscous altar of Jiyva.
 16402 | Lair:6   | Noticed an azure jelly
 16403 | Lair:6   | Found a staircase to the Slime Pits.
 16403 | Lair:6   | Noticed an azure jelly
 16887 | D:12     | Found a staircase to the Orcish Mines.
 16949 | Orc:1    | Entered Level 1 of the Orcish Mines
 16982 | Orc:1    | Reached skill level 10 in Fighting
 17107 | Orc:1    | Paralysed by an orc sorcerer for 4 turns
 17156 | Orc:2    | Entered Level 2 of the Orcish Mines
 17292 | Orc:2    | Found a dark tunnel.
 17306 | Volcano  | Entered a volcano
 17347 | Volcano  | Reached XP level 15. HP: 119/119 MP: 20/22
 18262 | Orc:2    | Found a staircase to the Elven Halls.
 18557 | Orc:2    | Found Lesixait's Assorted Antiques.
 18557 | Orc:2    | Found Fom Esim's Gadget Emporium.
 18557 | Orc:2    | Found Jueleo's Food Shoppe.
 18590 | Orc:2    | Found Fazxed's Assorted Antiques.
 18600 | Orc:2    | Reached skill level 16 in Polearms
 18696 | Orc:2    | Bought a scroll labeled GUEBBO XEAZAMP for 31 gold pieces
 19556 | D:14     | Found a shattered altar of Ashenzari.
 19708 | D:13     | Reached skill level 5 in Stealth
 19729 | D:14     | Found Buahy's Antique Weapon Shop.
 19737 | D:14     | Bought a runed triple crossbow for 377 gold pieces
 19858 | D:14     | Found Usmammu's Antique Armour Boutique.
 19881 | D:14     | Bought a pair of polished boots for 294 gold pieces
 19897 | D:14     | Identified the +2 pair of boots "Xeyr" {*Drain +Blink rN+} (You bought it in a shop on level 14 of the Dungeon)
 19897 | D:14     | Bought a shimmering shield for 294 gold pieces
 19912 | D:14     | Identified the +2 shield of Deiqob {rC++ Dex+4} (You bought it in a shop on level 14 of the Dungeon)
 20038 | D:14     | Reached skill level 1 in Evocations
 20327 | D:13     | Identified the Handbook of Dislocation
 20334 | D:13     | Learned a level 1 spell: Apportation
 20370 | D:15     | Entered Level 15 of the Dungeon
 20502 | D:15     | Identified a scroll of acquirement
 20507 | D:15     | Got an ancient bardiche
 20520 | D:15     | Identified the +0 bardiche of Conscience {chop, *Drain +Rage SInv} (You acquired it on level 15 of the Dungeon)
 20591 | D:15     | Reached skill level 10 in Stealth
 20592 | D:15     | Reached XP level 16. HP: 18/131 MP: 16/23
 20733 | D:15     | Noticed Kirke
 20837 | D:15     | Noticed a sphinx
 20846 | D:15     | Killed Kirke
 20907 | D:15     | Reached skill level 17 in Polearms
 21283 | D:15     | Found a staircase to the Depths.
 21554 | Shoals:1 | Entered Level 1 of the Shoals
 22178 | Shoals:1 | HP: 2/131 [merfolk/spear (16)]
 22533 | Shoals:2 | Noticed Louise
 22551 | Shoals:2 | Got a pitted jade ring
 22552 | Shoals:2 | Identified the ring of Kextes {-Tele *Corrode +Inv Dex+4 Slay+4} (You found it on level 2 of the Shoals)
 22694 | Shoals:2 | Noticed a kraken
 22788 | Shoals:2 | Killed a kraken
 23097 | Shoals:3 | Reached skill level 18 in Polearms
 23131 | Shoals:3 | Reached XP level 17. HP: 137/137 MP: 24/24
 23619 | Shoals:3 | Noticed Polyphemus
 23623 | Shoals:3 | Killed Polyphemus
 23875 | Spider:1 | Entered Level 1 of the Spider Nest
 23919 | Spider:1 | Reached skill level 19 in Polearms
 24588 | Spider:2 | Reached skill level 5 in Armour
 25328 | Spider:3 | Reached XP level 18. HP: 101/144 MP: 20/25
 25365 | Spider:3 | Noticed Aizul
 25450 | Spider:3 | Killed Aizul
 25450 | Spider:3 | Reached skill level 10 in Armour
 25839 | Spider:4 | Entered Level 4 of the Spider Nest
 25988 | Spider:4 | Got an ancient falchion
 26697 | Spider:4 | Got a gossamer rune of Zot
 27325 | Vaults:1 | Entered Level 1 of the Vaults
 27558 | Vaults:1 | Found a magical portal.
 27576 | WizLab   | Entered The Chambers of the Cloud Mage
 27591 | WizLab   | Killed ArtsTyrian's ghost
 27892 | WizLab   | Reached XP level 19. HP: 135/152 MP: 21/26
 27911 | WizLab   | Noticed Voafeib
 27965 | WizLab   | Killed Voafeib the Cloud Mage
 28017 | WizLab   | Identified the Almanac of Lightness
 28026 | WizLab   | Identified the Reference Book on Lightness
 28316 | Vaults:1 | Reached skill level 15 in Fighting
 28422 | Vaults:1 | Slain by a deep elf knight

Skill      XL: |  1  2  3  4  5  6  7  8  9 10 11 12 13 14 15 16 17 18 19 |
---------------+----------------------------------------------------------+-----
Axes           | 1 2 |  2.4
Polearms       | 1 2 3 5 6 8 10 12 14 15 16 18 19 | 19.9
Dodging        | 2 4 5 6 9 11 13 14 | 14.0
Charms         | 3 5 6 |  6.0
Invocations    | 6 9 |  9.4
Stealth        | 3 4 10 14 | 14.1
Necromancy     | 2 |  2.5
Fighting       | 11 13 14 15 | 15.8
Evocations     | 4 |  4.1
Armour         | 9 13 | 13.1
Staves         | |  1.1
Bows           | |  2.0
Throwing       | |  1.0

Action                   |  1- 3 |  4- 6 |  7- 9 | 10-12 | 13-15 | 16-18 | 19-21 || total
-------------------------+-------+-------+-------+-------+-------+-------+-------++-------
Melee: Hand axe          |    71 |       |       |       |       |       |       ||    71
       Spear             |    60 |   159 |   412 |   562 |       |       |       ||  1193
       Whip              |       |       |    43 |    14 |       |       |       ||    57
       Halberd           |       |       |       |   329 |  1547 |       |       ||  1876
       Bardiche          |       |       |       |       |     9 |   307 |       ||   316
       Glaive            |       |       |       |       |       |  1061 |   129 ||  1190
       Demon trident     |       |       |       |       |       |   105 |       ||   105
 Fire: Shortbow          |       |       |       |     1 |       |       |       ||     1
Throw: Stone             |     3 |     4 |       |       |       |       |       ||     7
       Tomahawk          |       |       |    24 |     7 |       |       |       ||    31
       Javelin           |       |       |       |     5 |    23 |    11 |     6 ||    45
       Throwing net      |       |       |       |       |       |     8 |       ||     8
 Cast: Infusion          |       |       |     3 |    12 |       |       |       ||    15
       Shroud of Golubri |       |       |     2 |    27 |    25 |    41 |       ||    95
       Regeneration      |       |       |       |    16 |    17 |   121 |     6 ||   160
       Song of Slaying   |       |       |       |    13 |    34 |     7 |       ||    54
       Spectral Weapon   |       |       |       |     6 |    22 |     9 |       ||    37
       Sublimation of Bl |       |       |       |       |       |     5 |       ||     5
       Apportation       |       |       |       |       |       |    26 |     1 ||    27
Invok: Slouch            |       |       |       |     3 |     4 |    13 |     3 ||    23
       Bend Time         |       |       |       |       |     4 |       |       ||     4
       Temporal Distorti |       |       |       |       |     1 |       |       ||     1
 Abil: Hop               |       |     2 |     3 |     5 |     7 |    17 |     2 ||    36
       Evoke Invisibilit |       |       |       |       |       |     2 |       ||     2
       Evoke Blink       |       |       |       |       |       |     1 |     1 ||     2
Evoke: Wand              |       |       |       |    31 |       |    34 |     3 ||    68
       Lightning rod     |       |       |       |     4 |       |     4 |     4 ||    12
       Sack of spiders   |       |       |       |     2 |     1 |       |       ||     3
  Use: Scroll            |     2 |     3 |     7 |    17 |    12 |    19 |     3 ||    63
       Potion            |       |       |       |     5 |     1 |    19 |     3 ||    28
 Stab: Sleeping          |       |       |     2 |     5 |    11 |    41 |     2 ||    61
       Distracted        |       |       |     1 |     6 |    10 |    12 |       ||    29
       Fleeing           |       |       |       |       |     1 |       |       ||     1
       Petrified         |       |       |       |       |     3 |       |       ||     3
       Confused          |       |       |       |       |       |     9 |       ||     9
       Held in net/web   |       |       |       |       |       |     4 |       ||     4
       Invisible         |       |       |       |       |       |     6 |       ||     6
       Paralysed         |       |       |       |       |       |     1 |       ||     1
  Eat: Fruit             |     2 |       |       |    31 |    25 |     4 |       ||    62
       Chunk             |       |     6 |     9 |       |     6 |    17 |       ||    38
       Royal jelly       |       |     1 |       |     5 |     1 |     3 |       ||    10
       Bread ration      |       |       |       |     1 |     3 |     7 |       ||    11
Armor: Scale mail        |    44 |    52 |    42 |   129 |   178 |       |       ||   445
       Leather armour    |       |       |    14 |    12 |    31 |    60 |    17 ||   134
       Ring mail         |       |       |       |       |       |    17 |       ||    17
       Chain mail        |       |       |       |       |       |   250 |       ||   250
Dodge: Dodged            |    54 |   111 |   198 |   596 |  1599 |  2171 |   109 ||  4838
